 Dungeon Crawl Stone Soup version 0.21.1-1-g345015f (webtiles) character file.

4775 ByGGy the Grappler (level 10, -1/94 HPs)
             Began as a Troll Monk on June 20, 2018.
             Slain by a hornet (10 damage)
             ... on level 9 of the Dungeon on June 21, 2018.
             The game lasted 00:51:41 (7170 turns).

ByGGy the Grappler (Troll Monk)                     Turns: 7170, Time: 00:51:42

Health: -1/94      AC:  5    Str: 22    XL:     10   Next: 23%
Magic:  10/10      EV: 13    Int:  6    God:
Gold:   363        SH:  0    Dex: 14    Spells: 7/9 levels left

rFire    . . .     SeeInvis .     - Unarmed
rCold    + . .     Gourm    +   (no shield)
rNeg     + . .     Faith    +   U - +0 robe
rPois    .         Spirit   .   (helmet restricted)
rElec    .         Reflect  .   (no cloak)
rCorr    .         Harm     .   (gloves unavailable)
MR       .....                  (boots unavailable)
Stlth    ++........             Y - amulet of faith
HPRegen  0.65/turn              m - ring of positive energy
MPRegen  0.12/turn              u - ring of protection from cold

@: about to teleport, slowed, very slow
A: large, unfitting armour, claws 3, fast metabolism 3, gourmand, regeneration
1, shaggy fur 1, tough skin 2
a: no special abilities


You were on level 9 of the Dungeon.
You were not hungry.

You visited 1 branch of the dungeon, and saw 9 of its levels.

You collected 363 gold pieces.

Inventory:

Hand Weapons
 N - a +0 shortbow
Missiles
 d - 14 tomahawks (quivered)
 g - 276 stones
 i - 93 bolts
 J - 25 poisoned needles
 O - 65 arrows
Armour
 U - a +0 robe (worn)
Jewellery
 c - an uncursed ring of fire
 m - a ring of positive energy (left claw)
 u - a ring of protection from cold (right claw)
 z - a +2 ring of protection
 I - a +5 ring of protection
 Q - an uncursed ring of positive energy
 Y - an amulet of faith (around neck)
Wands
 n - a wand of random effects (32)
 A - a wand of flame (38)
Scrolls
 a - a scroll of identify
 e - a scroll of fog {unknown}
 h - 5 scrolls of teleportation
 l - a scroll of amnesia
 p - 3 scrolls of magic mapping
 s - 2 scrolls of enchant armour
 v - 3 scrolls of remove curse
 w - 2 scrolls of enchant weapon
 C - a scroll of random uselessness {unknown}
 D - a scroll of summoning {unknown}
 G - a scroll of noise {unknown}
 L - a scroll of blinking {unknown}
Potions
 f - a potion of brilliance {unknown}
 j - a potion of cancellation {unknown}
 k - 3 potions of agility
 r - a potion of resistance {unknown}
 t - a potion of curing
 E - a potion of berserk rage {unknown}
 H - a potion of degeneration {unknown}
 V - a potion of ambrosia {unknown}
Books
 o - a book of Misfortune

   Spells                             Type                      Level
   a - Confusing Touch                Hexes                        1
   b - Confuse                        Hexes                        3
   c - Gell's Gravitas                Translocation                3
   d - Petrify                        Transmutation/Earth          4
   e - Metabolic Englaciation         Hexes/Ice                    5
   f - Yara's Violent Unravelling     Hexes/Transmutation          5
 q - Jox Ilisua's Grimoire of Freezing Self-Knowledge
   (You found it on level 7 of the Dungeon)

   Spells                             Type                      Level
   a - Freeze                         Ice                          1
   b - Swiftness                      Charms/Air                   2
   c - Throw Frost                    Conjuration/Ice              2
   d - Throw Icicle                   Conjuration/Ice              4
 x - a book of Debilitation

   Spells                             Type                      Level
   a - Corona                         Hexes                        1
   b - Slow                           Hexes                        2
   c - Inner Flame                    Hexes/Fire                   3
   d - Portal Projectile              Hexes/Translocation          3
   e - Cause Fear                     Hexes                        4
   f - Leda's Liquefaction            Hexes/Earth                  4
 X - a book of Callings

   Spells                             Type                      Level
   a - Summon Small Mammal            Summoning                    1
   b - Call Imp                       Summoning                    2
   c - Call Canine Familiar           Summoning                    3
   d - Summon Guardian Golem          Hexes/Summoning              3
   e - Summon Lightning Spire         Summoning/Air                4
   f - Summon Ice Beast               Ice/Summoning                4
Comestibles
 b - 20 rations


   Skills:
 + Level 4.3 Fighting
 + Level 0.9 Throwing
 + Level 6.3 Dodging
 + Level 2.4 Stealth
 + Level 11.8 Unarmed Combat
 + Level 1.8 Evocations


You had 7 spell levels left.
You knew the following spells:

 Your Spells              Type           Power        Failure   Level  Hunger
a - Slow                  Hex            #.......     58%         2    ###....


Dungeon Overview and Level Annotations

Branches:
Dungeon (9/15)             Temple (0/1) D:4
   Lair: D:8-11         Orc: D:9-12

Altars:
Elyvilon
Kikubaaqudgha
Nemelex Xobeh
Trog
Yredelemnul
Zin

Shops:
D:7 (


Innate Abilities, Weirdness & Mutations

You are too large for most types of armour.
You have claws for hands.
Your metabolism is lightning-fast.
You like to eat raw meat.
Your natural rate of healing is unusually fast.
You are covered in fur. (AC +1)
You have very tough skin. (AC +2)


Message History

You are more poisoned.
You feel as though you will be slow longer.
The hornet stings you.
* * * LOW HITPOINT WARNING * * *
You shrug off the repeated paralysis!
You feel better. The hornet stings you.
You suddenly lose the ability to move!
The hornet stings you!
* * * LOW HITPOINT WARNING * * *
You feel as though you will be slow longer.
The hornet barely misses you. The hornet stings you!
* * * LOW HITPOINT WARNING * * *
You feel as though you will be slow longer.
The hornet stings you!
* * * LOW HITPOINT WARNING * * *
You feel as though you will be slow longer.
You can move again.
As you read the scroll of teleportation, it crumbles to dust.
You feel strangely unstable. The hornet misses you. The hornet stings you!
You die...

#. ..### .>.#
...# . #.. .$##
#.# #...#####.##
#..........###
#..........@.#
#..........#y#
#......<...#H#
...........#..
...?...........
#..........##...
#..........#
##.#
#..........# .#
######.##.## #


You could see a hippogriff and a hornet.

Vanquished Creatures
  The ghost of fjord the Cleaver, a novice HOFi of Beogh (D:5)
  Grinder (D:5)
  2 wyverns (D:8)
  A hungry ghost (D:8)
  Menkaure (D:5)
  Duvessa (D:7)
  A water moccasin (D:8)
  A hornet zombie (D:7)
  A sky beast (D:8)
  2 orc warriors
  4 black bears
  4 ogres
  4 centaurs
  A big kobold (D:7)
  6 bullfrogs
  Dowan (D:7)
  2 scorpions (D:5)
  A howler monkey (D:5)
  6 crimson imps
  A bullfrog zombie (D:8)
  4 hounds
  A centaur zombie (D:5)
  6 orc priests
  A jelly (D:9)
  3 centaur skeletons
  5 orc wizards
  2 bullfrog skeletons
  Jessica (D:6)
  9 worker ants
  2 hound skeletons (D:4)
  2 howler monkey skeletons (D:4)
  6 adders
  8 gnolls
  3 shadow imps (D:5)
  2 oozes
  3 adder skeletons
  A dart slug (D:1)
  4 leopard geckos
  25 orcs
  A ball python (D:7)
  6 giant cockroaches
  10 goblins
  9 hobgoblins
  14 jackals
  4 quokkas
  7 bats
  11 frilled lizards
  8 kobolds
  A quokka skeleton (D:4)
  A quokka zombie (D:7)
  13 rats
  A withered plant (D:6)
216 creatures vanquished.

Notes
Turn   | Place    | Note
-------+----------+-------------------------------------------
     0 | D:1      | ByGGy the Troll Monk began the quest for the Orb.
     0 | D:1      | Reached XP level 1. HP: 22/22 MP: 0/0
    38 | D:1      | Reached XP level 2. HP: 27/29 MP: 1/1
   396 | D:1      | Reached XP level 3. HP: 36/36 MP: 2/2
   922 | D:2      | Found a basalt altar of Yredelemnul.
  1336 | D:3      | Reached skill level 4 in Unarmed Combat
  1339 | D:3      | Reached XP level 4. HP: 44/44 MP: 3/3
  1591 | D:3      | Reached XP level 5. HP: 48/52 MP: 4/4
  2186 | D:3      | Reached skill level 5 in Unarmed Combat
  2511 | D:4      | Found a white marble altar of Elyvilon.
  2534 | D:4      | Reached XP level 6. HP: 50/61 MP: 5/5
  2843 | D:4      | Reached skill level 6 in Unarmed Combat
  2980 | D:4      | Found a staircase to the Ecumenical Temple.
  3425 | D:5      | Entered Level 5 of the Dungeon
  3522 | D:4      | Reached XP level 7. HP: 39/67 MP: 6/6
  3572 | D:5      | Noticed fjord's ghost (novice HOFi)
  3661 | D:5      | Found a bloodstained altar of Trog.
  3682 | D:5      | Reached skill level 7 in Unarmed Combat
  3846 | D:5      | Noticed Menkaure
  3857 | D:5      | Killed Menkaure
  3860 | D:5      | Reached XP level 8. HP: 34/75 MP: 7/7
  3987 | D:5      | Killed fjord's ghost
  3987 | D:5      | Reached skill level 8 in Unarmed Combat
  4271 | D:5      | Noticed Grinder
  4283 | D:5      | Paralysed by Grinder for 6 turns
  4566 | D:5      | Killed Grinder
  4566 | D:5      | Reached skill level 5 in Dodging
  4622 | D:6      | Found an ancient bone altar of Kikubaaqudgha.
  4639 | D:6      | Reached skill level 9 in Unarmed Combat
  4936 | D:6      | Reached skill level 1 in Evocations
  4994 | D:6      | Learned a level 2 spell: Slow
  5061 | D:6      | Found a bloodstained altar of Trog.
  5112 | D:6      | Reached XP level 9. HP: 61/84 MP: 8/8
  5541 | D:6      | Found a sparkling altar of Nemelex Xobeh.
  5541 | D:6      | Noticed Jessica
  5546 | D:6      | Killed Jessica
  5711 | D:7      | Reached skill level 10 in Unarmed Combat
  5759 | D:7      | Found Amiaxef's Weapon Shoppe.
  5990 | D:7      | Found a glowing silver altar of Zin.
  6171 | D:7      | Noticed Dowan
  6172 | D:7      | Noticed Duvessa
  6187 | D:7      | Killed Duvessa
  6196 | D:7      | Killed Dowan
  6196 | D:7      | Reached skill level 11 in Unarmed Combat
  6313 | D:7      | Identified Jox Ilisua's Grimoire of Freezing Self-Knowledge
  6600 | D:8      | Reached XP level 10. HP: 91/93 MP: 10/10
  7163 | D:9      | Paralysed by a hornet for 3 turns
  7167 | D:9      | Paralysed by a hornet for 3 turns
  7170 | D:9      | Slain by a hornet

Skill      XL: |  1  2  3  4  5  6  7  8  9 |
---------------+----------------------------+-----
Unarmed Combat | 4 5 6 7 9 11 | 11.8
Dodging        | 3 4 5 6 |  6.3
Fighting       | 3 4 |  4.3
Stealth        | 2 |  2.4
Evocations     | 1 |  1.8
Throwing       | |  0.9

Action                   |  1- 3 |  4- 6 |  7- 9 | 10-12 || total
-------------------------+-------+-------+-------+-------++-------
Melee: Unarmed           |   122 |   181 |   273 |    58 ||   634
       Punch             |     1 |    10 |    21 |     2 ||    34
Throw: Tomahawk          |       |       |     7 |       ||     7
Evoke: Wand              |       |       |    21 |       ||    21
  Use: Potion            |       |     1 |     3 |     1 ||     5
       Scroll            |       |     4 |     2 |     3 ||     9
 Stab: Sleeping          |     3 |     2 |       |       ||     5
       Distracted        |       |       |     1 |       ||     1
  Eat: Chunk             |    18 |    16 |    30 |     4 ||    68
Armor: Robe              |    62 |    49 |    54 |    17 ||   182
Dodge: Dodged            |    95 |   113 |   143 |    41 ||   392
